[Event "Late-Titled-Tuesday-Blitz-May-28-2024"]
[Site "Chess.com"]
[Date "2024.05.28"]
[Round "4"]
[White "sofaceindisguise"]
[Black "fitod"]
[Result "1-0"]
[WhiteElo "2636"]
[BlackElo "2412"]
[TimeControl "180+1"]
[EndTime "14:41:46 PDT"]
[Termination "sofaceindisguise won by checkmate"]

1. d4 g6 2. e4 Bg7 3. Nf3 d6 4. c3 Nf6 5. Bd3 O-O 6. O-O c5 7. Re1 Nc6 8. d5 Nb8 9. c4 Nbd7 10. Nc3 a6 11. a4 Re8 12. h3 e6 13. Bf4 exd5 14.
cxd5 Qc7 15. Nd2 Nh5 16. Bh2 Ne5 17. Be2 Nf6 18. f4 Ned7 19. Bf3 Rb8 20. a5 b5 21.
axb6 Rxb6 22. Kh1 Rxb2 23. e5 dxe5 24. fxe5 Nxe5 25. Nc4 Nfd7 26. Nxb2 Qb6 27. Nba4 Qb4 28.
Rb1 Qc4 29. Be2 Qh4 30. Bf1 h5 31. d6 Re6 32. Nd5 Rxd6 33. Nab6 Bb7 34. Qb3 Nxb6 35. Nxb6 Re6 36. Qg3 Qd4 37. Rec1 Be4 38. Rd1 Bxb1 39. Rxd4 cxd4 40. Nc4 d3 41. Nd2 Bc2 42. Qf2 Nd7 43.
Bf4 Nf6 44. Kh2 Bf8 45. Qd4 Bg7 46. Qd8+ Re8 47. Qd6 Re6 48. Qb8+ Re8 49. Qb7 Re6 50. Nf3 Ne4 51. Qc8+ Kh7 52. Qd7 f6 53. Bxd3 Bxd3 54.
Qxd3 f5 55. Qd7 Rb6 56. Ng5+ Nxg5 57. Bxg5 a5 58. Be3 Rb4 59. Bd2 Rd4 60. Qa4 Rxd2 61. Qxa5 Rd3 62. Qa7 Rd4 63. Kg1 Re4 64. Kf1 Kh6 65.
g3 h4 66. gxh4 Rxh4 67. Kg2 Rf4 68. Qe3 g5 69. Qe6+ Kh5 70. Qf7+ Kh6 71. Qe7 Re4 72.
Qd7 Kg6 73. Qc6+ Bf6 74. Qc8 Rf4 75. Qg8+ Bg7 76. Qe8+ Kh6 77. Qf7 Rh4 78. Qxf5 Rf4 79. Qe6+ Rf6 80. Qc8 Rg6 81. Kg3 Rf6 82. Qg8 Rf4 83.
Qe6+ Rf6 84. Qe3 Rf4 85. h4 Rxh4 86. Qe6+ Kh5 87. Qf7+ Kh6 88. Qe6+ Kh5 89. Qe2+ Kh6 90. Qa6+ Kh5 91. Kg2 Rf4 92. Kh3 Rf6 93. Qb7 Kg6 94. Kg4 Rf4+ 95. Kg3 Bf6 96. Qb1+ Kh6 97. Qh1+ Kg6 98.
Qb1+ Kg7 99. Qb7+ Kg6 100. Qc8 Kg7 101. Qd7+ Kg6 102. Qe8+ Kg7 103. Kh3 Kh6 104. Kg2 Kg7 105. Qe6 Kg6 106. Qg8+ Kh6 107. Kg3 Kh5 108. Qh7# 1-0

[Event "Late-Titled-Tuesday-Blitz-May-28-2024"]
[Site "Chess.com"]
[Date "2024.05.28"]
[Round "4"]
[White "FairChess_on_YouTube"]
[Black "alexrustemov"]
[Result "1-0"]
[WhiteElo "3085"]
[BlackElo "2849"]
[TimeControl "180+1"]
[EndTime "14:42:43 PDT"]
[Termination "FairChess_on_YouTube won by resignation"]

1. d4 d5 2. c4 c6 3. Nf3 Nf6 4.
Qc2 dxc4 5. e4 b5 6. b3 cxb3 7. axb3 e6 8. Bd3 a5 9. O-O Bb7 10. Bd2 Be7 11. Nc3 Na6 12. e5 Nb4 13. exf6 Nxc2 14.
fxe7 Qxe7 15. Bxc2 c5 16. dxc5 Qxc5 17. Be4 Bxe4 18.
Nxe4 Qd5 19. Nc3 Qxb3 20. Rfb1 Qc4 21. Rxb5 O-O 22. Rbxa5 Rxa5 23. Rxa5 h6 24. h3 Rd8 25.
Be1 Qd3 26. Ra2 Rc8 27. Rd2 Qc4 28. Ne2 Ra8 29. Ng3 Qc7 30. Re2 Ra1 31. Kh2 Rc1 32. Bd2 Rc2 33. Bf4 Qc4 34. Re4 Qa2 35. Be3 Rc4 36. Re5 Rc8 37. Rb5 Qc4 38. Rb7 Rc7 39.
Rb1 Qd5 40. Rb4 Rb7 41. Rd4 Qc6 42. Ne5 Qc7 43. Nf3 Qc6 44. Rg4 Kh7 45. Nh5 f6 46. Ng3 Qd5 47. Rd4 Qc6 48. h4 Ra7 49. h5 Ra4 50. Rd1 Ra5 51. Rc1 Qe8 52. Rc7 Rxh5+ 53.
Nxh5 Qxh5+ 54. Kg1 e5 55. Rc4 Qf5 56. Nd2 Qd3 57.
g3 h5 58. Kg2 Kg6 59. Rh4 Qd5+ 60. Kg1 Qd3 61. Rb4 Qe2 62. Kg2 Qd3 63. Rb6 Qd5+ 64.
Kg1 Kf5 65. Rb4 Qd3 66. Nf3 Qd1+ 67. Kg2 Qd5 68. Rh4 g5 69. Bxg5 fxg5 70. Rxh5 Kf6 71. Rxg5 Qc6 72. Rxe5 Qb7 73. g4 Qa8 74. Kg3 Qa3 75.
Rf5+ Kg6 76. Re5 Qd6 77. Kg2 Qc6 78. Rf5 Kg7 79. Kh3 Qc1 80. Kg3 Qf1 81. g5 Kg6 82. Rf6+ Kg7 83. Rf5 Kg6 84. Rf4 Kg7 85. Rf6 Qe2 86.
Nh4 Qf1 87. Nf5+ Kg8 88. Rg6+ Kf7 89. Rf6+ Kg8 90. f4 Qg1+ 91. Kf3 Qf1+ 92. Kg4 Qd1+ 93. Kg3 Qg1+ 94. Kf3 Qf1+ 95. Ke4 Qe2+ 96. Ne3 Qe1 97. Rf5 Kg7 98. Re5 Qb4+ 99. Kf5 Qb1+ 100. Kg4 Kg6 101. f5+ Kf7 102. g6+ Kf6 103. Re6+ Kg7 104. Re7+ Kf8 105. Rf7+ Kg8 106. Kf4 Qd3 107. Ng4 Qd4+ 108. Kg5 Qd2+ 109. Kh5 Qd1 110. Rh7 Qe2 111. Kg5 Qd2+ 112. Kh4 Qd4 113. Kh5 Qd1 114. Rf7 Qh1+ 115. Kg5 Qc1+ 116. Kh4 Qh1+ 117. Kg3 Qg1+ 118. Kf3 Qh1+ 119. Kf4 Qc1+ 120. Ne3 Qd2 121. Re7 Qd4+ 122. Re4 Qd2 123. Kf3 Qe1 124. Ng4 Qf1+ 125. Kg3 Qg1+ 126. Kf4 Qf1+ 127. Kg5 Qc1+ 128. Re3 Qd2 129. f6 Qd5+ 130. Re5 Qd2+ 131. Kh5 Kf8 132. g7+ Kf7 133. Re7+ Kg8 134. Re8+ 1-0

[Event "Late-Titled-Tuesday-Blitz-May-28-2024"]
[Site "Chess.com"]
[Date "2024.05.28"]
[Round "5"]
[White "lrjchess"]
[Black "andrew-blr"]
[Result "0-1"]
[WhiteElo "2482"]
[BlackElo "2628"]
[TimeControl "180+1"]
[EndTime "14:50:02 PDT"]
[Termination "andrew-blr won by resignation"]

1. e4 c5 2. Nf3 e6 3. d4 cxd4 4.
Nxd4 Bc5 5. Nb3 Bb6 6. Qg4 Nf6 7. Qxg7 Bxf2+ 8. Kxf2 Rg8 9. Qxg8+ Nxg8 10. Nc3 Nc6 11.
Bf4 Qf6 12. Ke3 e5 13. Bg3 Qg5+ 14. Ke2 Nf6 15. Rd1 d5 0-1

[Event "Late-Titled-Tuesday-Blitz-May-28-2024"]
[Site "Chess.com"]
[Date "2024.05.28"]
[Round "5"]
[White "Ramosha"]
[Black "ploxoi"]
[Result "1-0"]
[WhiteElo "2568"]
[BlackElo "2418"]
[TimeControl "180+1"]
[EndTime "14:51:05 PDT"]
[Termination "Ramosha won by resignation"]

1. e4 c6 2. Nf3 d5 3. d3 dxe4 4.
dxe4 Qxd1+ 5. Kxd1 Nf6 6. Nbd2 Nbd7 7. Ne1 Nc5 8. f3 e5 9. Nd3 Nxd3 10. Bxd3 Be6 11.
Ke2 Nd7 12. c3 f6 13. b3 Nc5 14. Bc2 O-O-O 15. Nf1 Bd6 16. Be3 b6 17. h4 Kc7 18.
h5 a5 19. Nd2 a4 20. b4 Nb7 21. Bxa4 Ra8 22. Bb3 Bxb3 23. axb3 Nd8 24. Rxa8 1-0

[Event "Late-Titled-Tuesday-Blitz-May-28-2024"]
[Site "Chess.com"]
[Date "2024.05.28"]
[Round "5"]
[White "vi_pranav"]
[Black "jaramsdal"]
[Result "1-0"]
[WhiteElo "3032"]
[BlackElo "2414"]
[TimeControl "180+1"]
[EndTime "14:51:10 PDT"]
[Termination "vi_pranav won by resignation"]

1. e4 c5 2. Nf3 g6 3. d4 cxd4 4. Qxd4 Nf6 5. Bb5 Bg7 6. e5 Ng8 7. O-O Nc6 8. Bxc6 dxc6 9. Qh4 Bf5 10. Nc3 e6 11. Bg5 Qb6 12. Rad1 h6 13. Be3 Qxb2 14.
Qd4 Ne7 15. Qd7+ Kf8 16. Qd8+ 1-0

[Event "Late-Titled-Tuesday-Blitz-May-28-2024"]
[Site "Chess.com"]
[Date "2024.05.28"]
[Round "5"]
[White "jinxy2009"]
[Black "Caracal3000"]
[Result "0-1"]
[WhiteElo "2295"]
[BlackElo "2568"]
[TimeControl "180+1"]
[EndTime "14:52:19 PDT"]
[Termination "Caracal3000 won by resignation"]

1. c4 e6 2. g3 d5 3. Bg2 Nf6 4. Nf3 Be7 5. O-O O-O 6. d4 dxc4 7. Qc2 a6 8. Qxc4 b5 9. Qc2 Bb7 10. Nbd2 Nbd7 11. e4 Ra7 12. e5 Nd5 13. Ne4 Qa8 14. Nfd2 Rc8 15. a4 c5 16. dxc5 Nxc5 17. axb5 Nxe4 18. Qxe4 Nb4 0-1

[Event "Late-Titled-Tuesday-Blitz-May-28-2024"]
[Site "Chess.com"]
[Date "2024.05.28"]
[Round "5"]
[White "SHIVACalypso"]
[Black "RandomNoob04"]
[Result "0-1"]
[WhiteElo "2545"]
[BlackElo "2770"]
[TimeControl "180+1"]
[EndTime "14:52:24 PDT"]
[Termination "RandomNoob04 won by resignation"]

1. e3 d5 2. b3 e5 3. Bb2 Bd6 4.
d3 Nf6 5. Nd2 O-O 6. g3 c5 7.
Bg2 Nc6 8. Ne2 Be6 9. O-O Qd7 10. e4 Bh3 11. exd5 Bxg2 12. Kxg2 Nxd5 13. Ne4 Be7 14. N4c3 Nd4 15. Nxd4 Nxc3 16. Bxc3 cxd4 17. Bd2 Rac8 18.
Rc1 Ba3 19. Rb1 Qc6+ 20. Kg1 Qxc2 21. Bc1 Qxb1 22. Bxa3 Qxd1 23. Rxd1 Rfe8 24. Rd2 f6 25. Kg2 Kf7 26. f4 e4 27. dxe4 Rxe4 28. Bb2 d3 29. Kf3 Re2 0-1

[Event "Late-Titled-Tuesday-Blitz-May-28-2024"]
[Site "Chess.com"]
[Date "2024.05.28"]
[Round "5"]
[White "yaguigor"]
[Black "Redzishchess"]
[Result "1-0"]
[WhiteElo "2592"]
[BlackElo "2452"]
[TimeControl "180+1"]
[EndTime "14:52:35 PDT"]
[Termination "yaguigor won by resignation"]

1. e4 c5 2. Nf3 d6 3. d4 cxd4 4. Nxd4 Nf6 5. Nc3 g6 6. Be3 Bg7 7. f3 O-O 8. Qd2 Nc6 9. O-O-O d5 10. Qe1 e5 11. Nxc6 bxc6 12. exd5 Nxd5 13. Bc4 Be6 14. Kb1 Qa5 15. Nxd5 Qxe1 16. Rhxe1 cxd5 17. Bxd5 Bxd5 18. Rxd5 a5 19. a4 Rab8 20. Rxa5 e4 21. Rb5 Ra8 22.
a5 exf3 23. gxf3 Rab8 24. Rxb8 Rxb8 25. Bb6 1-0

[Event "Late-Titled-Tuesday-Blitz-May-28-2024"]
[Site "Chess.com"]
[Date "2024.05.28"]
[Round "5"]
[White "Problematique_99"]
[Black "K_A_S_T_O_R"]
[Result "0-1"]
[WhiteElo "2555"]
[BlackElo "2856"]
[TimeControl "180+1"]
[EndTime "14:53:04 PDT"]
[Termination "K_A_S_T_O_R won by resignation"]

1. a3 d5 2. b4 Bg4 3. Bb2 c6 4.
g3 Nd7 5. Bg2 e5 6. d3 Bd6 7. h3 Bh5 8. Nf3 Bxf3 9. exf3 Ngf6 10.
O-O O-O 11. d4 Re8 12. Nd2 exd4 13. f4 a5 14. b5 c5 15. Nf3 Nb6 16. a4 Nc4 17.
Bc1 Ne4 18. Qd3 Qd7 19. h4 f5 20. Ng5 h6 21. Nf3 Qf7 22. Re1 Re7 23. Rb1 b6 24.
Bb2 Nxb2 25. Rxb2 Rae8 26. Rbb1 Nc3 27. Rxe7 Rxe7 28. Re1 Re4 29. Ra1 c4 30. Qd2 Bb4 31. Nxd4 Rxd4 0-1

[Event "Late-Titled-Tuesday-Blitz-May-28-2024"]
[Site "Chess.com"]
[Date "2024.05.28"]
[Round "5"]
[White "NeverGiveUppp"]
[Black "mostafa_sakha"]
[Result "1-0"]
[WhiteElo "2599"]
[BlackElo "2366"]
[TimeControl "180+1"]
[EndTime "14:53:20 PDT"]
[Termination "NeverGiveUppp won by resignation"]

1. e4 e5 2. Nf3 Nc6 3. Nc3 Nf6 4. Bb5 Bb4 5. O-O O-O 6. d3 d6 7. Bg5 Bxc3 8. bxc3 Ne7 9. Nh4 Ng6 10. Nxg6 hxg6 11. f4 c6 12. Ba4 Qb6+ 13. Kh1 Ng4 14. Qf3 f6 15. Bb3+ d5 16. fxe5 Nxe5 17. Qg3 Be6 18. Bf4 Qc7 19. d4 g5 20. Bd2 1-0

[Event "Late-Titled-Tuesday-Blitz-May-28-2024"]
[Site "Chess.com"]
[Date "2024.05.28"]
[Round "5"]
[White "lachesisQ"]
[Black "slidingknight2775"]
[Result "1-0"]
[WhiteElo "3058"]
[BlackElo "2620"]
[TimeControl "180+1"]
[EndTime "14:53:26 PDT"]
[Termination "lachesisQ won by resignation"]

1. e4 c5 2. Nf3 d6 3. d4 cxd4 4. Nxd4 Nf6 5. Nc3 a6 6. Bd3 g6 7. f3 Bg7 8. Be3 b5 9. Qd2 h5 10. a4 b4 11. Na2 a5 12. c3 bxc3 13. Nxc3 Bd7 14. O-O O-O 15. Bb5 Na6 16. Nc6 Bxc6 17. Bxc6 Rb8 18. Bb5 Nb4 19. Rac1 Rc8 20. Rfd1 Nd7 21.
b3 Nc5 22. Bc4 Kh7 23. Nb5 Qb6 24. Kh1 Rfd8 25. Bxf7 Rf8 26. Bc4 Nc6 27. Rb1 Ne5 28. Be2 Rfd8 29. b4 axb4 30. Qxb4 Nc6 31. Qc4 Ne5 32.
Qa2 Qa5 33. Bxc5 Rxc5 34. f4 Nc6 35. f5 Bf6 36. Qf7+ 1-0

[Event "Late-Titled-Tuesday-Blitz-May-28-2024"]
[Site "Chess.com"]
[Date "2024.05.28"]
[Round "5"]
[White "Flaccidmoves"]
[Black "lamomiablanca"]
[Result "1-0"]
[WhiteElo "2503"]
[BlackElo "2623"]
[TimeControl "180+1"]
[EndTime "14:53:32 PDT"]
[Termination "Flaccidmoves won by checkmate"]

1. e4 c5 2. Nf3 Nc6 3. d4 cxd4 4. Nxd4 g6 5. c4 Nf6 6. Nc3 Nxd4 7. Qxd4 d6 8. Be2 Bg7 9. Be3 O-O 10. Qd2 a5 11. Rd1 Be6 12. b3 a4 13. O-O axb3 14.
axb3 Qa5 15. f4 Rfc8 16. f5 gxf5 17. exf5 Bxf5 18. b4 Qe5 19. Bd4 Qe6 20. Rde1 Ne4 21. Nxe4 Bxd4+ 22. Qxd4 Qxe4 23. Qf2 Bg6 24. Bf3 Qxc4 25.
Bxb7 Qxb4 26. Bxa8 Rxa8 27. Rxe7 Qb3 28. Rfe1 Kg7 29.
Qd4+ Kh6 30. R7e3 Qb5 31. Rh3+ Bh5 32. Qf6# 1-0

[Event "Late-Titled-Tuesday-Blitz-May-28-2024"]
[Site "Chess.com"]
[Date "2024.05.28"]
[Round "5"]
[White "giomar27"]
[Black "IngOscarArdila"]
[Result "1-0"]
[WhiteElo "2463"]
[BlackElo "2283"]
[TimeControl "180+1"]
[EndTime "14:53:35 PDT"]
[Termination "giomar27 won on time"]

1. Nf3 Nf6 2. g3 g6 3. b3 Bg7 4. Bb2 O-O 5. Bg2 d6 6. d4 Nbd7 7. O-O c6 8. c4 Qc7 9. Nbd2 e5 10. Qc2 Re8 11. e4 a5 12. a3 exd4 13. Nxd4 Nc5 14. Rfe1 Ne6 15. Rad1 Nxd4 16. Bxd4 Bg4 17. f3 Bc8 18. Qb2 Nh5 19. Bxg7 Nxg7 20. Nf1 Ne6 21. Ne3 b5 22. cxb5 cxb5 23. Nd5 Qd8 24. Nf6+ Kf8 25.
Nxe8 Qxe8 26. Qh8+ 1-0

[Event "Late-Titled-Tuesday-Blitz-May-28-2024"]
[Site "Chess.com"]
[Date "2024.05.28"]
[Round "5"]
[White "Boninknights"]
[Black "MrEscacs"]
[Result "1-0"]
[WhiteElo "2420"]
[BlackElo "2190"]
[TimeControl "180+1"]
[EndTime "14:53:38 PDT"]
[Termination "Boninknights won by resignation"]

1. d4 Nf6 2. Nf3 g6 3. c4 Bg7 4.
Nc3 d6 5. e4 O-O 6. Be2 e5 7.
dxe5 dxe5 8. Qxd8 Rxd8 9. Bg5 Re8 10. Nd5 Nxd5 11. cxd5 c6 12. Bc4 cxd5 13. Bxd5 Nd7 14.
Nd2 Nf6 15. Bb3 Be6 16. Ke2 Bxb3 17. axb3 a6 18. f3 Nd7 19. Rhc1 Rec8 20. Be3 Bf8 21.
Nc4 b5 22. Na5 Bc5 23. Nb7 Kf8 24. Nxc5 1-0

[Event "Late-Titled-Tuesday-Blitz-May-28-2024"]
[Site "Chess.com"]
[Date "2024.05.28"]
[Round "5"]
[White "Viktor_Poddubnyi"]
[Black "Javadovvv"]
[Result "1-0"]
[WhiteElo "2336"]
[BlackElo "2519"]
[TimeControl "180+1"]
[EndTime "14:53:48 PDT"]
[Termination "Viktor_Poddubnyi won by resignation"]

1. e4 e6 2. d4 d5 3. Nd2 c5 4.
exd5 Qxd5 5. Ngf3 cxd4 6. Bc4 Qd6 7. O-O Nf6 8. Nb3 Nc6 9. Nbxd4 Nxd4 10. Qxd4 Qxd4 11.
Nxd4 a6 12. Be2 Be7 13. Bf3 e5 14. Nb3 e4 15. Be2 O-O 16. Rd1 Bd7 17. Bg5 Rad8 18. Rd2 Bc8 19. Rad1 Rxd2 20. Rxd2 Rd8 21. Rxd8+ Bxd8 22. Nc5 Be7 23. Nxe4 Nxe4 24. Bxe7 Be6 25. a3 f5 26. f3 Nf6 27. Bxf6 gxf6 28. f4 Kf7 29.
Kf2 Ke7 30. Ke3 Kd6 31. Kd4 Bd5 32. Bf3 Bxf3 33. gxf3 Kc6 34. c4 a5 35. b4 axb4 36.
axb4 b6 37. b5+ Kd6 38. c5+ bxc5+ 39. Kc4 h6 40. h3 h5 41. h4 1-0

[Event "Late-Titled-Tuesday-Blitz-May-28-2024"]
[Site "Chess.com"]
[Date "2024.05.28"]
[Round "5"]
[White "Roedor"]
[Black "Navyblue1"]
[Result "0-1"]
[WhiteElo "2329"]
[BlackElo "2233"]
[TimeControl "180+1"]
[EndTime "14:53:51 PDT"]
[Termination "Navyblue1 won by resignation"]

1. c4 e5 2. g3 Nf6 3. Bg2 d5 4.
cxd5 Nxd5 5. Nc3 Nb6 6. Nf3 Nc6 7. O-O Be7 8. d4 exd4 9. Nb5 Bf6 10. Bf4 Nd5 11. Nfxd4 Nxd4 12. Nxd4 Nxf4 13. Nb5 Ne6 0-1

[Event "Late-Titled-Tuesday-Blitz-May-28-2024"]
[Site "Chess.com"]
[Date "2024.05.28"]
[Round "5"]
[White "TigrVShlyape"]
[Black "nocnypako"]
[Result "1-0"]
[WhiteElo "2914"]
[BlackElo "2699"]
[TimeControl "180+1"]
[EndTime "14:53:52 PDT"]
[Termination "TigrVShlyape won by resignation"]

1. d4 Nf6 2. Bf4 g6 3. c3 Bg7 4. Nf3 O-O 5. Nbd2 d6 6. e4 Nbd7 7. h3 c5 8. d5 b6 9. Bd3 a6 10.
a4 Bb7 11. O-O Qc7 12. Re1 Nh5 13. Bh2 e5 14. dxe6 fxe6 15. Bc4 Rae8 16. Ng5 Rf6 17. Qg4 Kh8 18. Nxe6 Rfxe6 19. Bxe6 Ndf6 20. Qh4 h6 21. e5 g5 22. Qc4 d5 23. Qf1 Qc6 24. exf6 1-0

[Event "Late-Titled-Tuesday-Blitz-May-28-2024"]
[Site "Chess.com"]
[Date "2024.05.28"]
[Round "5"]
[White "kirillshevchenko"]
[Black "OparinGrigoriy"]
[Result "1/2-1/2"]
[WhiteElo "2907"]
[BlackElo "3059"]
[TimeControl "180+1"]
[EndTime "14:54:01 PDT"]
[Termination "Game drawn by agreement"]

1. b3 e5 2. Bb2 Nc6 3. e3 Nf6 4. Nf3 e4 5. Nd4 Bc5 6. d3 Nxd4 7. exd4 Bb4+ 8. c3 Be7 9. dxe4 Nxe4 10. Bd3 d5 11. O-O O-O 12. Nd2 Nxd2 13. Qxd2 Bg4 14. h3 Bh5 15. f4 f5 16. c4 c6 17. c5 Qd7 18. Rae1 Bf6 19. Qc2 Bg6 20. b4 a6 21. a4 Rae8 22. b5 axb5 23. axb5 Rxe1 24. Rxe1 Re8 25. Re2 Rxe2 26. Qxe2 Qe7 27.
b6 Qxe2 28. Bxe2 Bd8 29. Bd3 Kf7 30. Kf2 Ke6 31. Kf3 Be8 32. g4 g6 33. Bc3 Bd7 34. Be1 Kf7 35. g5 h5 36. h4 1/2-1/2

[Event "Late-Titled-Tuesday-Blitz-May-28-2024"]
[Site "Chess.com"]
[Date "2024.05.28"]
[Round "5"]
[White "luca_va99"]
[Black "dealshark"]
[Result "0-1"]
[WhiteElo "2175"]
[BlackElo "2435"]
[TimeControl "180+1"]
[EndTime "14:54:03 PDT"]
[Termination "dealshark won by resignation"]

1. e4 c6 2. Nf3 d5 3. Nc3 Bg4 4. h3 Bh5 5. exd5 cxd5 6. d4 Nc6 7. Bb5 e6 8. g4 Bg6 9. Ne5 Rc8 10. h4 f6 11. Nxg6 hxg6 12. Qd3 Kf7 13. h5 gxh5 14.
gxh5 Nge7 15. Bd2 Nf5 16. Bxc6 Rxc6 17. O-O-O Bb4 18. a3 Bxc3 19. Bxc3 Qb6 20. Rdg1 Rc4 21.
b3 Rc6 22. Bb2 Qc7 23. Rg2 a6 24. f4 Qxf4+ 25. Kb1 b5 26. Rf1 Qe4 27. Qd1 Ne3 28. Rxg7+ Kxg7 29. Rg1+ Kf7 30. Qe2 Qxc2+ 31. Qxc2 Rxc2 32.
Bc1 Re2 33. Rg3 Nf5 34. Rh3 Re1 35. Rc3 Rxh5 36. Rc7+ Kg6 37. Rc6 Rhh1 0-1

[Event "Late-Titled-Tuesday-Blitz-May-28-2024"]
[Site "Chess.com"]
[Date "2024.05.28"]
[Round "5"]
[White "Chess_Star1234"]
[Black "Quaide7"]
[Result "1-0"]
[WhiteElo "2437"]
[BlackElo "2180"]
[TimeControl "180+1"]
[EndTime "14:54:08 PDT"]
[Termination "Chess_Star1234 won by resignation"]

1. d4 d5 2. c4 c6 3. Nc3 Nf6 4. Nf3 dxc4 5. a4 c5 6. d5 Bf5 7. e3 e6 8. Bxc4 exd5 9. Nxd5 Nc6 10.
O-O Bd6 11. Nxf6+ Qxf6 12. Bd2 O-O-O 13. Qe2 Bg4 14. Bc3 Qh6 15. h3 f5 16. Rad1 Rhe8 17.
Rxd6 Rxd6 18. hxg4 fxg4 19. Nh2 g3 20. Qg4+ Kb8 21. Qxg3 Ka8 22. Bxg7 Qg6 23. Qxg6 Rxg6 24. Bf7 Rxg7 25. Bxe8 1-0

[Event "Late-Titled-Tuesday-Blitz-May-28-2024"]
[Site "Chess.com"]
[Date "2024.05.28"]
[Round "5"]
[White "Maikrosoft63"]
[Black "Kombinator01"]
[Result "1-0"]
[WhiteElo "2605"]
[BlackElo "2470"]
[TimeControl "180+1"]
[EndTime "14:54:11 PDT"]
[Termination "Maikrosoft63 won by checkmate"]

1. e4 e5 2. Nc3 Nf6 3. f4 d5 4. fxe5 Nxe4 5. Qf3 Nc6 6. Bb5 Nxc3 7. dxc3 Qh4+ 8. g3 Qe4+ 9. Qxe4 dxe4 10. Bxc6+ bxc6 11. Be3 g6 12. O-O-O Bg7 13. Bg5 Bg4 14. Rd4 h6 15.
Bf6 O-O 16. Rxe4 Bf5 17. Rd4 Bxf6 18. exf6 Rfe8 19. Nf3 Re2 20. Rd2 Rae8 21. Nd4 Rxd2 22. Kxd2 Bh3 23. Re1 Rxe1 24. Kxe1 Bd7 25. Kd2 Kh7 26.
Nf3 g5 27. Ne5 Be8 28. Ke3 h5 29. h4 Kh6 30. Kd4 gxh4 31. gxh4 Kh7 32. Kc5 Kh6 33. a4 Kh7 34. a5 a6 35. b4 Kh6 36. c4 Kh7 37.
Nxc6 Kg6 38. Nb8 Kxf6 39. Nxa6 Ke5 40. Nxc7 Bd7 41. a6 Bc8 42. a7 Bb7 43. Kb6 Bh1 44. c5 f5 45. c6 f4 46. a8=Q f3 47. Qe8+ Kf4 48. Qe1 Bg2 49. Qf2 Kg4 50. Nd5 Bf1 51. Qxf1 f2 52. Qxf2 Kh3 53. Nf4+ Kg4 54. Nxh5 Kh3 55.
Qg3# 1-0

[Event "Late-Titled-Tuesday-Blitz-May-28-2024"]
[Site "Chess.com"]
[Date "2024.05.28"]
[Round "5"]
[White "GianmarcoVaR"]
[Black "rezamahdavi2008"]
[Result "0-1"]
[WhiteElo "2717"]
[BlackElo "2994"]
[TimeControl "180+1"]
[EndTime "14:54:17 PDT"]
[Termination "rezamahdavi2008 won by resignation"]

1. Nf3 Nf6 2. g3 b6 3. Bg2 Bb7 4. O-O g6 5. d3 Bg7 6. e4 d6 7. Nc3 c5 8. Bf4 O-O 9. Qd2 Nc6 10. e5 dxe5 11. Nxe5 Rc8 12. Rfe1 Re8 13. a4 Na5 14. Bxb7 Nxb7 15. Bh6 Bxh6 16. Qxh6 Nd6 17. h3 Nf5 18. Qf4 Nd4 19. Rac1 Kg7 20. Ne4 Qd5 21. Nd2 Red8 22. Ndc4 h6 23. h4 Rb8 24. Ne3 Qxe5 0-1

[Event "Late-Titled-Tuesday-Blitz-May-28-2024"]
[Site "Chess.com"]
[Date "2024.05.28"]
[Round "5"]
[White "Sanan_Sjugirov"]
[Black "GarayevKanan"]
[Result "0-1"]
[WhiteElo "2967"]
[BlackElo "2723"]
[TimeControl "180+1"]
[EndTime "14:54:18 PDT"]
[Termination "GarayevKanan won by resignation"]

1. e4 e5 2. Nf3 Nf6 3. Nxe5 d6 4. Nf3 Nxe4 5. d3 Nf6 6. d4 d5 7. h3 h6 8. Bd3 Bd6 9. O-O O-O 10. Nc3 c6 11. Re1 Re8 12. Ne5 Nbd7 13. Bf4 Qc7 14. Qe2 b5 15. Bg3 b4 16. Na4 Bb7 17. Qd2 c5 18.
Nxd7 Nxd7 19. Bxd6 Qxd6 20. dxc5 Qf6 21. Qxb4 Bc6 22.
Nc3 Rxe1+ 23. Rxe1 Ne5 24. Bb5 Re8 25. Kf1 Rb8 26.
Qa4 Bxb5+ 27. Nxb5 Nc4 28. b3 Nd2+ 29. Kg1 Ne4 30.
Rf1 a6 31. Nd6 Nxc5 32. Qxa6 Nxa6 0-1

[Event "Late-Titled-Tuesday-Blitz-May-28-2024"]
[Site "Chess.com"]
[Date "2024.05.28"]
[Round "5"]
[White "GlavkonVVS"]
[Black "MaiqMaster"]
[Result "0-1"]
[WhiteElo "2569"]
[BlackElo "2465"]
[TimeControl "180+1"]
[EndTime "14:54:18 PDT"]
[Termination "MaiqMaster won by checkmate"]

1. c4 c5 2. Nc3 Nc6 3. g3 g6 4. Bg2 Bg7 5. Nf3 d6 6. d3 e5 7. a3 a5 8. Rb1 Nge7 9. O-O O-O 10.
Ne1 Be6 11. Nc2 d5 12. b3 Rb8 13. e4 d4 14. Nb5 b6 15. b4 axb4 16. axb4 cxb4 17.
Nxb4 Nxb4 18. Rxb4 Nc6 19. Rb1 Qd7 20. f4 exf4 21.
Bxf4 Ra8 22. Qd2 Ne5 23. Rb3 Nxc4 24. dxc4 Bxc4 25. Rfb1 Bxb3 26. Rxb3 Ra1+ 27. Bf1 Re8 28. Nd6 Rea8 29. e5 R8a2 30. Qd3 Qh3 31. Rxb6 Qg2# 0-1

[Event "Late-Titled-Tuesday-Blitz-May-28-2024"]
[Site "Chess.com"]
[Date "2024.05.28"]
[Round "5"]
[White "Goryachkina"]
[Black "Shankland"]
[Result "1/2-1/2"]
[WhiteElo "2726"]
[BlackElo "2995"]
[TimeControl "180+1"]
[EndTime "14:54:26 PDT"]
[Termination "Game drawn by repetition"]

1. e4 c5 2. Nf3 d6 3. Bb5+ Bd7 4. Bxd7+ Nxd7 5. O-O Ngf6 6. Qe2 e6 7. b3 Be7 8.
Bb2 O-O 9. d4 d5 10. exd5 exd5 11. Nbd2 Re8 12. Rfe1 a6 13. Qf1 Rc8 14. h3 Qb6 15. c4 cxd4 16. Bxd4 Bc5 17. Bxc5 Nxc5 18. cxd5 Nxd5 19. Nc4 Qf6 20. Rxe8+ Rxe8 21. Re1 Rd8 22. Qe2 g6 23. g3 Ne6 24. h4 Nc3 25. Qe3 Nxa2 26.
Ng5 Nxg5 27. hxg5 Qc3 28. Qe7 Rf8 29. Re3 Qb4 30. Nd6 Nc3 31. Nxf7 Qxe7 32. Nh6+ Kh8 33. Rxe7 b5 34. Nf7+ Kg8 35. Nh6+ Kh8 36. Nf7+ Kg8 37. Nh6+ Kh8 1/2-1/2

[Event "Late-Titled-Tuesday-Blitz-May-28-2024"]
[Site "Chess.com"]
[Date "2024.05.28"]
[Round "5"]
[White "Timurist"]
[Black "Synctel"]
[Result "1-0"]
[WhiteElo "2395"]
[BlackElo "2073"]
[TimeControl "180+1"]
[EndTime "14:54:26 PDT"]
[Termination "Timurist won on time"]

1. e4 e6 2. d4 d5 3. e5 c5 4. c3 Nc6 5. Nf3 Bd7 6. a3 Rc8 7. b4 cxd4 8. cxd4 Nge7 9. Bb2 Nf5 10. Nbd2 h5 11. Nb3 Be7 12. Rc1 g6 13. Nc5 Bxc5 14. Rxc5 Nce7 15. Bd3 b6 16. Rxc8 Qxc8 17. Qd2 Qd8 18.
h3 Nc6 19. O-O Kf8 20. Rc1 Kg7 21. Bb5 Nce7 22. Ba6 h4 23. Qg5 Nc8 24. Qxd8 Rxd8 25. Rc7 Kf8 26. Bc1 1-0

[Event "Late-Titled-Tuesday-Blitz-May-28-2024"]
[Site "Chess.com"]
[Date "2024.05.28"]
[Round "5"]
[White "Hirna2005"]
[Black "PNEPaul"]
[Result "1-0"]
[WhiteElo "2358"]
[BlackElo "1915"]
[TimeControl "180+1"]
[EndTime "14:54:26 PDT"]
[Termination "Hirna2005 won by resignation"]

1. e4 e5 2. Nf3 Nc6 3. Bc4 Be7 4. d4 exd4 5. Nxd4 d6 6. Nc3 Nf6 7. h3 O-O 8. Be3 Ne5 9. Be2 c5 10. Nf5 Bxf5 11. exf5 d5 12. f4 Nc6 13. Bf2 d4 14.
Nb1 Ne4 15. O-O Nxf2 16. Rxf2 Bh4 17. Rf1 Qf6 18. Qd3 Qd6 19. Na3 Rae8 20. g3 Bf6 21. Bf3 Re3 22. Qd2 Rfe8 23. Nc4 Qc7 24. Nxe3 Rxe3 25.
Rae1 Qb6 26. c3 h6 27. Rxe3 dxe3 28. Qxe3 Qxb2 29. Bxc6 bxc6 30. Qxc5 Bxc3 31. Rd1 Bf6 32. Qxc6 Qxa2 33. Qg2 a5 34. Qxa2 1-0

[Event "Late-Titled-Tuesday-Blitz-May-28-2024"]
[Site "Chess.com"]
[Date "2024.05.28"]
[Round "5"]
[White "Lennis93"]
[Black "zsizsi99"]
[Result "0-1"]
[WhiteElo "2763"]
[BlackElo "2571"]
[TimeControl "180+1"]
[EndTime "14:54:31 PDT"]
[Termination "zsizsi99 won by resignation"]

1. d4 Nf6 2. Nf3 c5 3. d5 g6 4. c4 b5 5. Nc3 b4 6. Na4 d6 7. b3 Bg7 8. Bb2 O-O 9. g3 Bd7 10.
Qc2 Qa5 11. Nd2 Bxa4 12. bxa4 Nbd7 13. Bh3 Nb6 14. O-O Qxa4 15. Nb3 Qa6 16. Rfc1 Na4 17. Rab1 Nxb2 18. Rxb2 Ne4 19. Bd7 Bxb2 20. Qxb2 Nc3 21. Rxc3 bxc3 22. Qxc3 Qxa2 23. Na5 Qxe2 24. h4 h5 25. Nc6 Rab8 26. Qa1 Rb2 0-1